 Dungeon Crawl Stone Soup version 0.28-a0-653-g7e9dba17c3 (webtiles) character file.

Game seed: 16378365871565835851

100 Gargoyl the Skirmisher (level 4, 0/41 HPs)
             Began as a Gnoll Abyssal Knight on Oct 12, 2021.
             Was a Follower of Lugonu.
             Slain by a gnoll (2 damage)
             ... on level 2 of the Dungeon.
             The game lasted 00:02:44 (2484 turns).

Gargoyl the Skirmisher (Gnoll Abyssal Knight)       Turns: 2484, Time: 00:02:45

Health: 0/41       AC:  7    Str: 12 (13) XL:     4   Next: 74%
Magic:  7/7        EV:  4    Int:  7 (9)  God:    Lugonu [*.....]
Gold:   75         SH: 12    Dex: 10 (13) Spells: 5/5 levels left

rFire   . . .      SeeInvis .   a - +1 hand axe
rCold   . . .      Faith    .   f - +2 tower shield
rNeg    . . .      Spirit   .   c - +0 scale mail
rPois   .          Reflect  .   (no helmet)
rElec   .          Harm     .   (no cloak)
rCorr   .          Rampage  .   (no gloves)
Will    .....                   (no boots)
Stlth   ..........              (no amulet)
HPRegen 0.13/turn               (no ring)
MPRegen 0.10/turn               (no ring)

@: no status effects
A: fangs 1, strong nose, distributed training
a: Renounce Religion, Depart the Abyss


You were on level 2 of the Dungeon.
You worshipped Lugonu.
Lugonu was aware of your devotion.
You visited 1 branch of the dungeon, and saw 3 of its levels.
You visited the Abyss 1 time.

You collected 75 gold pieces.

Inventory:

Hand Weapons
 a - a +1 hand axe (weapon)
Armour
 c - a +0 scale mail (worn)
 f - a +2 tower shield (worn)
Scrolls
 b - a scroll of noise {unknown}
 d - 2 scrolls of teleportation {unknown}
 e - a scroll of torment {unknown}
 h - a scroll of identify {unknown}
 i - a scroll of immolation {unknown}


   Skills:
 + Level 6.6 Fighting
 + Level 1.2 Short Blades
 + Level 1.2 Long Blades
 + Level 4.7 Axes
 + Level 1.2 Maces & Flails
 + Level 1.2 Polearms
 + Level 1.2 Staves
 + Level 1.2 Slings
 + Level 1.2 Bows
 + Level 1.2 Crossbows
 + Level 1.2 Throwing
 + Level 4.7 Armour
 + Level 2.8 Dodging
 + Level 1.2 Stealth
 + Level 1.2 Shields
 + Level 1.2 Unarmed Combat
 + Level 1.2 Spellcasting
 + Level 1.0 Conjurations
 + Level 1.0 Hexes
 + Level 1.0 Summonings
 + Level 1.0 Necromancy
 + Level 1.0 Translocations
 + Level 1.0 Transmutations
 + Level 1.0 Fire Magic
 + Level 1.0 Ice Magic
 + Level 1.0 Air Magic
 + Level 1.0 Earth Magic
 + Level 1.0 Poison Magic
 + Level 4.7 Invocations
 + Level 1.2 Evocations


You had 5 spell levels left.
You didn't know any spells.
Your spell library contained the following spells:

 Spells                   Type           Power      Damage    Failure   Level
 Corpse Rot               Necr/Air       N/A        N/A       100%        2
 Poisonous Vapours        Pois/Air       2%         N/A       100%        2


Dungeon Overview and Level Annotations

Branches:
Dungeon (3/15)

Altars:


Innate Abilities, Weirdness & Mutations

You have very sharp teeth.
Your uncanny sense of smell can sniff out nearby items.
Your experience applies equally to all skills.


Message History

The gnoll hits you from afar with a +0 spear.
The gnoll barely misses you.
There is a stone staircase leading up here.
The gnoll hits you with a +0 spear. The gnoll completely misses you.
There is a stone staircase leading up, spattered with blood here.
You block the gnoll's attack. x2
You climb upwards.
There is a stone staircase leading down, spattered with blood here.
You barely miss the gnoll. You hit the gnoll.
The gnoll hits you with a +0 spear. You block the gnoll's attack.
You hit the gnoll.
The gnoll is heavily wounded.
You closely miss the gnoll. You block the gnoll's attack. x2
The gnoll hits you with a +0 spear. The gnoll barely misses you.
Unknown command.
You closely miss the gnoll.
The gnoll is heavily wounded.
You hit the gnoll but do no damage. The gnoll hits you but does no damage.
The gnoll hits you with a +0 halberd of freezing!
The gnoll freezes you. The gnoll hits you with a +0 spear.
Unknown command.
You barely miss the gnoll.
The gnoll is heavily wounded.
Your shield and scale mail prevent you from hitting the gnoll.
You block the gnoll's attack. x3
You hit the gnoll but do no damage.
The gnoll is heavily wounded.
You hit the gnoll. The gnoll hits you but does no damage.
The gnoll hits you with a +0 halberd of freezing!
* * * LOW HITPOINT WARNING * * *
The gnoll freezes you.
* * * LOW HITPOINT WARNING * * *
You block the gnoll's attack.
It was a potion of degeneration.
There was something very wrong with that liquid.
You feel weakened.
You feel dopey.
You feel clumsy.
The gnoll hits you with a +0 halberd of freezing.
* * * LOW HITPOINT WARNING * * *
The gnoll freezes you.
You die...

##.########...............
#######.###### ##...#...#..#...
##.....#......#####....#......<.
##..............##...####.####...
#................#.##.....####...
#.....................#####......
#................#...........###.
#................#.........### ##
#...............@.........## #
#..............gg##.......# #
##...............##.......#
##.....##.....#.##.......#
##############.##.......#
#.................#
#.................#
#..........######## #..........#


You could see 2 gnolls.

Vanquished Creatures
  A crimson imp (Abyss:1)
  A gnoll (D:2)
  2 adders (D:2)
  A worm (D:2)
  A dart slug (D:2)
  4 ball pythons
  An endoplasm (D:1)
  A giant cockroach (D:2)
  3 hobgoblins (D:1)
  2 quokkas
  3 bats
  6 frilled lizards
  5 goblins
  4 kobolds
  6 rats
41 creatures vanquished.

Vanquished Creatures (others)
  6 fungi (D:2)
  3 plants (D:2)
9 creatures vanquished.

Grand Total: 50 creatures vanquished

Notes
Turn   | Place    | Note
-------+----------+-------------------------------------------
     0 | Abyss:1  | Gargoyl the Gnoll Abyssal Knight began the quest for the
                  | Orb.
     0 | Abyss:1  | Reached XP level 1. HP: 23/23 MP: 3/3
    59 | Abyss:1  | Noticed a small abomination
   157 | Abyss:1  | Noticed a crimson imp
   210 | Abyss:1  | Killed a crimson imp
   211 | Abyss:1  | Reached XP level 2. HP: 16/29 MP: 5/5
   211 | Abyss:1  | Reached XP level 3. HP: 19/35 MP: 6/6
   273 | Abyss:1  | Noticed an ancient zyme
   273 | D:1      | Escaped the Abyss
   532 | D:1      | Reached * piety under Lugonu
  1096 | D:1      | Reached skill level 1 in Short Blades
  1096 | D:1      | Reached skill level 1 in Long Blades
  1096 | D:1      | Reached skill level 1 in Maces & Flails
  1096 | D:1      | Reached skill level 1 in Polearms
  1096 | D:1      | Reached skill level 1 in Staves
  1096 | D:1      | Reached skill level 1 in Slings
  1096 | D:1      | Reached skill level 1 in Bows
  1096 | D:1      | Reached skill level 1 in Crossbows
  1096 | D:1      | Reached skill level 1 in Throwing
  1096 | D:1      | Reached skill level 1 in Stealth
  1096 | D:1      | Reached skill level 1 in Shields
  1096 | D:1      | Reached skill level 1 in Unarmed Combat
  1096 | D:1      | Reached skill level 1 in Spellcasting
  1096 | D:1      | Reached skill level 1 in Evocations
  1635 | D:2      | Reached XP level 4. HP: 38/41 MP: 7/7
  1740 | D:2      | Found a faded altar of an unknown god.
  1948 | D:2      | Reached skill level 1 in Conjurations
  1948 | D:2      | Reached skill level 1 in Hexes
  1948 | D:2      | Reached skill level 1 in Summonings
  1948 | D:2      | Reached skill level 1 in Necromancy
  1948 | D:2      | Reached skill level 1 in Translocations
  1948 | D:2      | Reached skill level 1 in Transmutations
  1948 | D:2      | Reached skill level 1 in Fire Magic
  1948 | D:2      | Reached skill level 1 in Ice Magic
  1948 | D:2      | Reached skill level 1 in Air Magic
  1948 | D:2      | Reached skill level 1 in Earth Magic
  1948 | D:2      | Reached skill level 1 in Poison Magic
  2484 | D:2      | HP: 2/41 [gnoll (4)]
  2484 | D:2      | Slain by a gnoll

Illustrated notes

Levels and vault maps discovered:
D:1:      dpeg_arrival_simpleton_a, layout_loops_corners
D:2:      layout_rooms, shapermc_ecumenical_altar_gd
D:3:      layout_basic, dk_noncrumbling_3

Skill      XL: |  1  2  3  4 |
---------------+-------------+-----
Short Blades   | 1 |  1.2
Long Blades    | 1 |  1.2
Maces & Flails | 1 |  1.2
Polearms       | 1 |  1.2
Staves         | 1 |  1.2
Slings         | 1 |  1.2
Bows           | 1 |  1.2
Crossbows      | 1 |  1.2
Throwing       | 1 |  1.2
Stealth        | 1 |  1.2
Shields        | 1 |  1.2
Unarmed Combat | 1 |  1.2
Spellcasting   | 1 |  1.2
Evocations     | 1 |  1.2
Conjurations   | 1 |  1.0
Hexes          | 1 |  1.0
Summonings     | 1 |  1.0
Necromancy     | 1 |  1.0
Translocations | 1 |  1.0
Transmutations | 1 |  1.0
Fire Magic     | 1 |  1.0
Ice Magic      | 1 |  1.0
Air Magic      | 1 |  1.0
Earth Magic    | 1 |  1.0
Poison Magic   | 1 |  1.0
Fighting       | |  6.6
Axes           | |  4.7
Armour         | |  4.7
Dodging        | |  2.8
Invocations    | |  4.7

Action                   |  1- 3 |  4- 6 || total
-------------------------+-------+-------++-------
Melee: Hand axe          |    98 |    48 ||   146
       Bite              |     7 |     3 ||    10
Invok: Depart the Abyss  |     1 |       ||     1
  Use: Scroll            |     1 |       ||     1
       Potion            |       |     1 ||     1
Armor: Leather armour    |    10 |       ||    10
       Scale mail        |    29 |    19 ||    48
Dodge: Dodged            |    51 |    16 ||    67
Block: Tower shield      |    27 |    42 ||    69

Table legend: (Time is in decaauts)
 A = Elapsed time spent in this place.
 B = Non-inter-level travel time spent in this place.
 C = Inter-level travel time spent in this place.
 D = Time resting spent in this place.
 E = Time spent auto-exploring this place.
 F = Levels seen in this place.
 G = Mean time per level.
                   A        B        C        D        E       F      G
               +--------+--------+--------+--------+--------+-----+--------+
         Total |   2532 |   2467 |     65 |    216 |   1728 |   4 |  633.0 |
       Dungeon |   2257 |   2192 |     65 |    216 |   1548 |   3 |  752.3 |
         Abyss |    275 |    275 |      0 |      0 |    180 |   1 |  275.0 |
               +--------+--------+--------+--------+--------+-----+--------+

Top non-repeatable levels by time:
     D:1: 1350 daAuts
     D:2: 889 daAuts
 Abyss:1: 275 daAuts
     D:3: 17 daAuts
